 Dungeon Crawl Stone Soup version 0.29.1-13-g9f3cf754e1 (webtiles) character file.

Game seed: 3367171345645841696

129 bjubeck the Trooper (level 4, -11/41 HPs)
             Began as a Minotaur Fighter on Feb 3, 2023.
             Killed by divine providence
             ... invoked by an orc priest
              (13 damage)
             ... on level 3 of the Dungeon.
             The game lasted 00:03:55 (1913 turns).

bjubeck the Trooper (Minotaur Fighter)              Turns: 1913, Time: 00:03:57

Health: -11/41     AC:  8    Str: 23    XL:     4   Next: 88%
Magic:  3/3        EV:  9    Int:  5    God:
Gold:   101        SH:  4    Dex:  9    Spells: 3/3 levels left

rFire   . . .      SeeInvis .   a - +0 war axe
rCold   . . .      Faith    .   c - +0 buckler
rNeg    . . .      Spirit   .   b - +0 scale mail
rPois   .          Reflect  .   (helmet restricted)
rElec   .          Harm     .   (no cloak)
rCorr   .          Rampage  .   (no gloves)
Will    +....                   r - +0 pair of boots
Stlth   ..........              (no amulet)
HPRegen 0.13/turn               m - ring of willpower
MPRegen 0.08/turn               (no ring)

@: mighty
A: horns 2, retaliatory headbutt
a: no special abilities


You were on level 3 of the Dungeon.
You visited 1 branch of the dungeon, and saw 3 of its levels.

You collected 101 gold pieces.

Inventory:

Hand Weapons
 a - a +0 war axe (weapon)
Missiles
 f - 5 boomerangs (quivered)
 j - 5 poisoned darts
 l - 3 atropa-tipped darts
Armour
 b - a +0 scale mail (worn)
 c - a +0 buckler (worn)
 r - a +0 pair of boots (worn)
Jewellery
 m - a ring of willpower (left hand)
Wands
 p - a wand of roots (8)
Scrolls
 e - a scroll of teleportation {unknown}
 h - a scroll of identify {unknown}
 k - a scroll of noise {unknown}
 o - a scroll of summoning {unknown}
Potions
 g - a potion of heal wounds {unknown}
 i - 2 potions of flight {unknown}
 n - a potion of curing {unknown}
 q - a potion of brilliance {unknown}


   Skills:
 + Level 4.7 Fighting
 + Level 3.7 Axes
 + Level 4.5 Armour
 + Level 4.5 Shields


You had 3 spell levels left.
You didn't know any spells.
Your spell library contained the following spells:

 Spells                   Type           Power      Damage    Failure   Level
 Magic Dart               Conj           0%         1d3       86%         1
 Call Imp                 Summ           0%         N/A       95%         2
 Mephitic Cloud           Conj/Pois/Air  0%         N/A       99%         3


Dungeon Overview and Level Annotations

Branches:
Dungeon (3/15)

Altars:


Innate Abilities, Weirdness & Mutations

You have a pair of horns on your head.
You reflexively headbutt those who attack you in melee.


Message History

The orc wizard is wielding a +2 dagger of holy wrath.
An orc is wielding a +0 falchion and quivering silver boomerangs.
The orc shouts!
The orc priest shouts!
The orc wizard shouts!
The orc shouts!
You hear a shout!
The orc throws a silver boomerang.
The silver boomerang hits you but does no damage.
An orc comes into view. It is wielding a +0 hand axe.
The goblin misses you. The goblin attacks as you move away!
The goblin barely misses you.
There is an open door here.
The goblin attacks as you move away! The goblin hits you with a +0 club.
The goblin attacks as you move away! The goblin barely misses you.
You furiously retaliate!
You headbutt the goblin.
You kill the goblin!
The orc wizard gestures wildly while chanting.
The orc wizard flickers and vanishes!
Deactivating autopickup; reactivate with Ctrl-A.
The orc priest invokes the aid of Beogh against you.
Beogh smites you!
You barely miss the orc. The orc closely misses you.
The orc throws a silver boomerang.
The silver boomerang barely misses you.
You hit the orc. Your headbutt misses the orc.
The orc is heavily wounded.
The orc hits you but does no damage.
The orc priest invokes the aid of Beogh against you.
Beogh smites you! The orc hits you with a +0 hand axe.
* * * LOW HITPOINT WARNING * * *
The orc attacks as you move away! The orc hits you but does no damage.
The orc throws a silver boomerang.
The silver boomerang hits you but does no damage.
* * * LOW HITPOINT WARNING * * *
You feel very mighty all of a sudden. You block the orc's attack.
Something hits you.
* * * LOW HITPOINT WARNING * * *
You slash the orc!
You kill the orc!
You hit something but do no damage.
The orc throws a silver boomerang.
The silver boomerang barely misses you.
The orc priest invokes the aid of Beogh against you.
Beogh smites you!
You die...

#............
##............
#...........#
#...........#
##........)..##
#>......)##...#
######.###....##...#
#.)......#....##...#
#.#@..........##...#
#.#†###.#.....+....#
#####)#o###.##....##.###
#......o..#.########....
###.###.....#.# ####.
#^....'.....+.# ##
#....##.....### #....
#.....# ###.. ###+###


You could see an orc priest and an orc.

Vanquished Creatures
  A hound (D:3)
  3 adders
  A worm (D:3)
  4 dart slugs
  An orc (D:3)
  6 bats
  3 endoplasms
  3 giant cockroaches
  7 goblins
  2 hobgoblins
  6 kobolds
  4 quokkas
  12 ball pythons
  5 frilled lizards
  8 rats
66 creatures vanquished.

Notes
Turn   | Place    | Note
-------+----------+-------------------------------------------
     0 | D:1      | bjubeck the Minotaur Fighter began the quest for the Orb.
     0 | D:1      | Reached XP level 1. HP: 19/19 MP: 0/0
   256 | D:1      | Reached XP level 2. HP: 27/27 MP: 1/1
   566 | D:1      | You fall into a shaft and drop 1 floor!
   772 | D:1      | Reached XP level 3. HP: 33/33 MP: 2/2
  1632 | D:2      | Reached XP level 4. HP: 41/41 MP: 3/3
  1679 | D:2      | Found a faded altar of an unknown god.
  1912 | D:3      | HP: 2/41 [something (6)]
  1913 | D:3      | Killed from afar by an orc priest

Illustrated notes

Levels and vault maps discovered:
D:1:      minmay_arrival_five_plusses, layout_basic, minivault_11,
          chequers_serial_rivers_small_a
D:2:      layout_loops_ring, hellmonk_ecumenical_altar_leap_of_faith
D:3:      layout_basic, mainiacjoe_overflow_paths, serial_shops,
          nicolae_shop_overgrown_old_shop

Skill      XL: |  1  2 |
---------------+-------+-----
Fighting       | 4 |  4.7
Shields        | 4 |  4.5
Armour         | 4 |  4.5
Axes           | 3 |  3.7

Action                   |  1- 3 |  4- 6 || total
-------------------------+-------+-------++-------
Melee: War axe           |    88 |    41 ||   129
       Headbutt          |    15 |     4 ||    19
  Use: Potion            |       |     1 ||     1
Armor: Scale mail        |    29 |    30 ||    59
Dodge: Dodged            |    40 |    27 ||    67
Block: Buckler           |    13 |    11 ||    24
